[Event "EIWCC 2018"]
[Site "Vysoke Tatry"]
[Date "2018.04.11"]
[Round "4"]
[White "Pavlidou, Ekaterini"]
[Black "Eric, Jovana"]
[Result "0-1"]
[ECO "A85"]
[WhiteElo "2164"]
[BlackElo "2300"]
[Annotator "NA"]
[PlyCount "70"]
[EventDate "2018.??.??"]
[EventType "swiss"]
[EventCountry "SVK"]
[SourceTitle "playchess.com"]
[Source "ChessBase"]
[SourceQuality "1"]
[TimeControl "40/5400+30:1800+30"]

1. d4 f5 2. c4 Nf6 3. Nc3 d6 4. g3 g6 5. Bg2 Bg7 6. Nh3 O-O 7. Nf4 Nc6 {[%emt 0:05:46] A86: Dutch Defence: Leningrad System: Unusual lines and 5 Nh3} 8. d5 Ne5 9. Qb3 c5 10. O-O {[%emt 0:06:22] LiveBook: 9 Games} a6 11. a4 Qa5 12. Nd3 Rb8 $146 ({Predecessor:} 12... Nfg4 13. h3 Nxd3 14. exd3 Ne5 15. Qc2 b5 16. cxb5 axb5 17. Nxb5 {1-0 (46) Hejazipour,M (2327)-Yuffa,D (2527) Cap d'Agde 2017}) 13. Bd2 Bd7 ({Better is} 13... Nxd3 $14 14. exd3 Ng4) 14. Rfd1 Qc7 15. h3 (15. Nxe5 $14 dxe5 16. Qc2) 15... Ne4 16. Nxe4 fxe4 17. Nf4 ({White should play} 17. Nxe5 $14 Bxe5 18. Qc2) 17... Qc8 ({Black should try} 17... b5 $15 18. cxb5 axb5) 18. Qc2 b5 19. cxb5 axb5 20. a5 Nc4 21. Bc3 e3 22. Bxg7 exf2+ 23. Kxf2 Kxg7 24. Kg1 Kg8 25. Qc3 Ne5 26. Ne6 b4 27. Qe3 Bxe6 28. dxe6 Qa6 29. Bd5 $15 c4 30. Rd4 Rb5 31. Rh4 h5 32. Bxc4 Nxc4 33. Rxc4 Rxa5 34. Rxa5 Qxa5 35. Qh6 Qa7+ 0-1

[Event "EIWCC 2018"]
[Site "Vysoke Tatry"]
[Date "2018.04.11"]
[Round "4"]
[White "Smirnova, Ekaterina"]
[Black "Worek, Joanna"]
[Result "0-1"]
[ECO "E59"]
[WhiteElo "2153"]
[BlackElo "2295"]
[Annotator "ChessBase"]
[PlyCount "96"]
[EventDate "2018.??.??"]
[EventType "swiss"]
[EventCountry "SVK"]
[SourceTitle "playchess.com"]
[Source "ChessBase"]
[SourceQuality "1"]
[TimeControl "40/5400+30:1800+30"]

1. d4 Nf6 2. c4 e6 3. Nc3 Bb4 4. e3 O-O 5. Bd3 d5 6. Nf3 dxc4 7. Bxc4 c5 8. O-O Nc6 9. a3 Bxc3 10. bxc3 Qc7 11. Ba2 e5 12. d5 e4 13. dxc6 exf3 14. Qxf3 Bg4 15. Qg3 Qxc6 16. f3 Be6 17. Bxe6 Qxe6 18. e4 Rfd8 19. Bg5 Rd3 20. Qc7 b6 21. Rad1 c4 22. Bxf6 gxf6 23. Rxd3 cxd3 24. Rd1 Qb3 25. Qg3+ Kh8 26. Qe1 Rd8 27. e5 f5 28. h3 Qc4 29. Kh1 Rd7 30. Qd2 Qb3 31. Qc1 Qc2 32. Qd2 Rd5 33. f4 Qa4 34. Ra1 Kg7 35. Kh2 Kf8 36. Kh1 Ke8 37. Kh2 Kd7 38. Kh1 Qc2 39. Qd1 Kc6 40. Kg1 Kc5 41. Kf1 Kc4 42. Qh5 d2 43. Rd1 Kxc3 44. Kf2 Qe4 45. Qxf7 Qxf4+ 46. Kg1 Qe3+ 47. Kf1 Rd4 48. Qc7+ Kb2 0-1

[Event "EIWCC 2018"]
[Site "Vysoke Tatry"]
[Date "2018.04.11"]
[Round "4"]
[White "Kusenkova, Natallia"]
[Black "Cibickova, Zuzana"]
[Result "1-0"]
[ECO "E04"]
[WhiteElo "2134"]
[BlackElo "2327"]
[Annotator "NA"]
[PlyCount "69"]
[EventDate "2018.??.??"]
[EventType "swiss"]
[EventCountry "SVK"]
[SourceTitle "playchess.com"]
[Source "ChessBase"]
[SourceQuality "1"]
[TimeControl "40/5400+30:1800+30"]

1. d4 d5 2. c4 e6 3. Nf3 Nf6 4. g3 dxc4 5. Bg2 a6 6. a4 Bb4+ {[%emt 0:01:20] E04: Open Catalan: 5 Nf3} (6... c5 7. Qc2 cxd4 8. Qxc4 Nc6 9. O-O Be7 10. Bf4 Nh5 11. Be5 Bf6 12. Qc5 Be7 13. Qc4 Bf6 14. Qc5 Be7 15. Qc4 Nxe5 16. Nxe5 f6 17. Bf3 {½-½ (17) Lubczynski,R (2431)-Jakubowski,K (2529) Poronin 2016}) 7. Bd2 a5 $146 ({Find the theoretical novelty and annotate with similar games:} 7... c5 8. Bxb4 cxb4 9. Qc2 Nc6 10. Qxc4 O-O 11. O-O Qe7 12. Nbd2 Bd7 13. e4 Rfc8 14. Qd3 {1-0 (41) Pienabarca,N (2115)-Neuschmied,S (2243) Bergamo 2013}) 8. Bxb4 axb4 9. Ne5 O-O 10. Nxc4 Nc6 11. e3 Na5 (11... e5 $5) 12. Nbd2 Qe7 13. O-O Rd8 14. Qc2 Nxc4 15. Nxc4 Nd7 16. Rfd1 Rb8 17. Ne5 c5 18. Nxd7 Bxd7 19. Qxc5 Qxc5 20. dxc5 Bc6 21. Rxd8+ Rxd8 22. Bxc6 bxc6 23. a5 Kf8 24. a6 e5 25. e4 Ke7 26. Kf1 h5 27. b3 f5 28. f3 $18 g5 $2 (28... fxe4 29. fxe4 Ra8) 29. Ke2 g4 30. fxg4 hxg4 31. Ke3 Ke6 32. a7 Ra8 33. Ra6 fxe4 34. Kxe4 Kd7 35. Kxe5 1-0

[Event "EIWCC 2018"]
[Site "Vysoke Tatry"]
[Date "2018.04.11"]
[Round "4"]
[White "Froewis, Annika"]
[Black "Milcova, Zuzana"]
[Result "1-0"]
[ECO "B01"]
[WhiteElo "2113"]
[BlackElo "2033"]
[Annotator "NA"]
[PlyCount "81"]
[EventDate "2018.??.??"]
[EventType "swiss"]
[EventCountry "SVK"]
[SourceTitle "playchess.com"]
[Source "ChessBase"]
[SourceQuality "1"]
[TimeControl "40/5400+30:1800+30"]

1. e4 d5 2. exd5 Qxd5 3. Nc3 Qd6 4. d4 Nf6 5. Nf3 c6 6. Ne5 Nbd7 7. Nc4 Qc7 8. g3 Nb6 9. Bf4 Qd8 10. Ne5 Be6 {[%emt 0:08:38] LiveBook: 4 Games} 11. Bg2 Nbd5 12. Ne2 Rc8 13. O-O g6 $16 14. c4 Nxf4 15. Nxf4 Bd7 16. Re1 Bg7 17. Qa4 O-O 18. Qxa7 Qc7 19. Qa3 Bf5 20. Qb3 e6 21. Rad1 Rcd8 22. a3 h5 23. Ne2 Ng4 24. f4 f6 25. Nf3 Kh7 26. Nc3 Rd7 27. Ne4 b6 28. c5 b5 29. Nd6 Rfd8 30. Nxf5 exf5 31. h3 Nh6 32. Re6 Ng8 33. Rxc6 Qxc6 34. Ng5+ fxg5 35. Bxc6 Rxd4 36. Rxd4 Bxd4+ 37. Kg2 Bxc5 38. Qf7+ Kh6 39. Be8 Ne7 40. Qf8+ Kh7 41. Bxg6+ 1-0

[Event "EIWCC 2018"]
[Site "Vysoke Tatry"]
[Date "2018.04.11"]
[Round "4"]
[White "Hapala, Elisabeth"]
[Black "Paramzina, Anastasya"]
[Result "0-1"]
[ECO "B90"]
[WhiteElo "2091"]
[BlackElo "2271"]
[Annotator "NA"]
[PlyCount "76"]
[EventDate "2018.??.??"]
[EventType "swiss"]
[EventCountry "SVK"]
[SourceTitle "playchess.com"]
[Source "ChessBase"]
[SourceQuality "1"]
[TimeControl "40/5400+30:1800+30"]

1. e4 c5 2. Nf3 d6 3. d4 cxd4 4. Nxd4 Nf6 5. Nc3 a6 6. Be3 e6 7. g4 h6 8. Bg2 Nc6 9. h3 Ne5 10. Qe2 g5 11. O-O-O Bg7 12. f4 gxf4 13. Bxf4 Nfd7 14. Kb1 b5 {[%emt 0:00:50] [#]} 15. h4 ({Better is} 15. Nf5 $1 $16 exf5 16. exf5) 15... Bb7 {[%emt 0:05:24] [#]} (15... b4 $14 16. Na4 Qa5) 16. g5 (16. Nf5 $1 $16 exf5 17. exf5) 16... b4 17. Na4 Qa5 18. b3 hxg5 $16 19. Bxg5 Rc8 20. Nb2 Qc5 21. Na4 Qa5 22. Nb2 Qc5 23. Bh3 Nc6 24. Nxc6 Qc3 25. Nd4 Bxd4 26. Rxd4 Qxd4 27. Nc4 Rxc4 28. Qxc4 Qxc4 29. bxc4 Bxe4 30. Re1 Nc5 31. Kb2 f5 32. Rg1 Kf7 33. c3 Rb8 34. cxb4 Rxb4+ 35. Kc3 Ra4 36. Bg2 Ra3+ 37. Kb2 Rg3 38. Bf4 Nd3+ 0-1

[Event "EIWCC 2018"]
[Site "Vysoke Tatry"]
[Date "2018.04.11"]
[Round "4"]
[White "Makka, Ioulia"]
[Black "Nadzamova, Viktoria"]
[Result "1-0"]
[ECO "B40"]
[WhiteElo "2076"]
[BlackElo "1766"]
[Annotator "NA"]
[PlyCount "63"]
[EventDate "2018.??.??"]
[EventType "swiss"]
[EventCountry "SVK"]
[SourceTitle "playchess.com"]
[Source "ChessBase"]
[SourceQuality "1"]
[TimeControl "40/5400+30:1800+30"]

1. e4 c5 2. Nf3 e6 3. g3 Nf6 4. Qe2 Nc6 5. c3 e5 6. Bg2 a6 7. O-O Be7 8. Rd1 O-O 9. d4 cxd4 10. cxd4 exd4 ({Black should play} 10... d5 $1 $14) 11. e5 Ne8 12. Nxd4 Nxd4 13. Rxd4 Bc5 {[%emt 0:12:36] [#]} 14. Rc4 (14. Rd1 $1 $18 {has better winning chances.}) 14... d6 15. Nc3 $11 Be6 16. Rh4 dxe5 17. Qxe5 Be7 18. Rd4 Qc8 19. Nd5 Bc5 20. Rh4 Bxd5 21. Bxd5 Nf6 22. Bf3 Re8 23. Qc3 Ra7 24. Rc4 b6 25. b4 Nd7 26. bxc5 Ne5 27. Bb2 f6 28. Bd5+ Kh8 29. Rh4 bxc5 30. Rc1 Rc7 31. Qc2 g6 32. f4 1-0

[Event "EIWCC 2018"]
[Site "Vysoke Tatry"]
[Date "2018.04.11"]
[Round "4"]
[White "Kejzar, Petra"]
[Black "Novosadova, Kristyna"]
[Result "0-1"]
[ECO "A00"]
[WhiteElo "2071"]
[BlackElo "2240"]
[Annotator "NA"]
[PlyCount "98"]
[EventDate "2018.??.??"]
[EventType "swiss"]
[EventCountry "SVK"]
[SourceTitle "playchess.com"]
[Source "ChessBase"]
[SourceQuality "1"]
[TimeControl "40/5400+30:1800+30"]

1. g3 e5 2. Bg2 Nf6 3. c4 Nc6 4. Nc3 Bb4 5. Nf3 Bxc3 6. bxc3 O-O 7. O-O {[%emt 0:02:18] LiveBook: 182 Games} Re8 8. Qc2 d6 9. e4 {[%emt 0:08:42] A29: English Opening: Four Knights Variation with 4 g3} Bg4 (9... a6 10. Rb1 b5 11. cxb5 axb5 12. Re1 Be6 13. Rxb5 Rxa2 14. Rb2 Ra1 15. d3 d5 16. Ng5 d4 {1-0 (28) Van Wely,L (2658)-Van den Doel,E (2568) playchess.com INT 2016}) 10. h3 Be6 11. d3 Qc8 $146 ({Predecessor:} 11... h6 12. Be3 Ne7 13. c5 Ng6 14. cxd6 cxd6 15. Rac1 d5 16. exd5 Nxd5 {½-½ (42) Lauchner,G-Huber,A Germany 1992}) 12. Kh2 b6 13. Ng5 Bd7 14. f4 Na5 15. fxe5 dxe5 16. d4 (16. Nf3 $11) 16... Nxc4 17. Qb3 Qa6 18. Nxf7 Kxf7 $19 19. dxe5 Ba4 20. Qb1 Nxe5 21. Bg5 Rad8 22. Qc1 Ned7 23. Qf4 Re5 24. Bxf6 gxf6 25. Qh6 Kg8 26. Rf4 Rg5 27. Rxf6 Rg7 28. Rf5 Rg6 29. Qh4 Re8 30. Raf1 Qc4 31. R1f4 Ne5 32. Qh5 Qe6 33. Rh4 Rg7 34. Rhf4 Qg6 35. Qh4 Bd7 36. Rf6 Qg5 37. Qxg5 Rxg5 38. Bf1 Kg7 39. g4 Bxg4 40. hxg4 Nxg4+ 41. Rxg4 Kxf6 42. Rh4 Ree5 43. Rxh7 Rh5+ 44. Rxh5 Rxh5+ 45. Kg3 Ra5 46. Kf4 Rxa2 47. e5+ Ke7 48. Ke4 a5 49. Kd5 a4 0-1

[Event "EIWCC 2018"]
[Site "Vysoke Tatry"]
[Date "2018.04.11"]
[Round "4"]
[White "Ferkova, Dominika"]
[Black "Martynkova, Olena"]
[Result "0-1"]
[ECO "A81"]
[WhiteElo "2068"]
[BlackElo "2280"]
[Annotator "NA"]
[PlyCount "50"]
[EventDate "2018.??.??"]
[EventType "swiss"]
[EventCountry "SVK"]
[SourceTitle "playchess.com"]
[Source "ChessBase"]
[SourceQuality "1"]
[TimeControl "40/5400+30:1800+30"]

1. d4 f5 2. g3 Nf6 3. Nf3 e6 4. Bg2 d5 5. O-O Bd6 6. Ne5 O-O 7. c4 c6 {[%emt 0:02:35] LiveBook: 48 Games} 8. c5 (8. b3 $11) 8... Bxe5 9. dxe5 Nfd7 $1 10. Qd4 b6 11. b4 a5 12. a3 bxc5 13. bxc5 Na6 14. Be3 Naxc5 15. Qc3 Qe7 $15 16. Bd4 Bb7 17. f3 Na6 18. Qxa5 c5 19. Bb2 Nb4 20. Qc7 Nc2 21. Qxb7 Rab8 22. Qc7 Rxb2 23. Nc3 Nxa1 24. Rxa1 Qd8 25. Qd6 Rb6 0-1

[Event "EIWCC 2018"]
[Site "Vysoke Tatry"]
[Date "2018.04.11"]
[Round "4"]
[White "Palma, Maria"]
[Black "Serakova, Tatana"]
[Result "1-0"]
[ECO "A13"]
[WhiteElo "2060"]
[BlackElo "1633"]
[Annotator "NA RC"]
[PlyCount "103"]
[EventDate "2018.??.??"]
[EventType "swiss"]
[EventCountry "SVK"]
[SourceTitle "playchess.com"]
[Source "ChessBase"]
[SourceQuality "1"]
[TimeControl "40/5400+30:1800+30"]

1. c4 e6 2. Nf3 d5 3. b3 Nf6 4. g3 c5 5. Bg2 b6 {[%emt 0:05:25] A13: English Opening: 1...e6} (5... Be7 6. O-O O-O 7. e3 Nc6 8. Bb2 b6 9. Nc3 dxc4 10. bxc4 Bb7 11. Qe2 Qc7 12. Rac1 Rfd8 13. Rfd1 Na5 14. Ne1 Bxg2 15. Nxg2 Qb7 16. f4 a6 17. Ba1 Ne4 18. Nxe4 Qxe4 19. d3 Qg6 {0-1 (47) Caruana,F (2807)-Aronian,L (2799) Saint Louis 2017}) 6. O-O Bb7 7. cxd5 Bxd5 8. Nc3 Bc6 9. d4 $146 ({Predecessor:} 9. Bb2 Be7 10. Rc1 O-O 11. d3 Bd6 12. Qd2 Nbd7 13. Rfd1 Qc7 14. d4 {1-0 (31) Schafer Lato,C (2000)-Hernandez Cruz,D (1596) Dos Hermanas 2004}) 9... cxd4 10. Qxd4 Qxd4 11. Nxd4 Bxg2 12. Kxg2 Bc5 13. Ndb5 Na6 14. Bf4 O-O 15. Rfd1 Nb4 16. e4 a6 17. Nd6 Ng4 18. Rd2 e5 19. f3 $1 exf4 20. fxg4 fxg3 21. Kxg3 Rad8 22. Rad1 Be3 23. Nd5 Nxd5 24. Rxd5 h6 25. b4 b5 26. h4 Ra8 27. Kf3 Bb6 28. Rc1 Bd8 29. g5 hxg5 30. hxg5 a5 31. a3 axb4 32. axb4 Ra3+ 33. Kg4 Re3 34. Rxb5 Be7 35. e5 Rd3 36. Nf5 Bd8 37. Rb8 Rb3 38. Rcc8 Rd3 39. Nd6 Be7 40. Rxf8+ Bxf8 41. b5 $18 Rd4+ 42. Kf3 g6 43. b6 Kg7 44. b7 Rb4 45. Ne8+ Kg8 46. Nf6+ Kg7 47. Rxf8 Kxf8 48. b8=Q+ Rxb8 49. Nd7+ Ke7 50. Nxb8 Ke6 51. Ke4 {[%emt 0:00:08] Kd5+} Ke7 52. Kd5 1-0

[Event "EIWCC 2018"]
[Site "Vysoke Tatry"]
[Date "2018.04.11"]
[Round "4"]
[White "Slaba, Andrea"]
[Black "Leite Oralova, Catarina"]
[Result "0-1"]
[ECO "E11"]
[WhiteElo "1924"]
[BlackElo "2134"]
[Annotator "NA"]
[PlyCount "60"]
[EventDate "2018.??.??"]
[EventType "swiss"]
[EventCountry "SVK"]
[SourceTitle "playchess.com"]
[Source "ChessBase"]
[SourceQuality "1"]
[TimeControl "40/5400+30:1800+30"]

1. d4 Nf6 2. Nf3 e6 3. c4 Bb4+ 4. Bd2 Be7 5. Nc3 d5 6. e3 O-O 7. Bd3 Nbd7 8. O-O c5 9. b3 b6 10. cxd5 exd5 11. Rc1 Bb7 12. Qc2 h6 13. Rfe1 Rc8 14. Qb1 Re8 15. Bf5 Bd6 16. Nb5 Bb8 $11 17. Nc3 Ne4 18. Red1 c4 19. bxc4 Rxc4 20. Nxe4 Rxc1 21. Rxc1 dxe4 22. Ne1 Nf6 23. g3 Qd5 24. Bh3 Qh5 25. Bg2 Ng4 26. h3 Nxf2 27. Kxf2 Qg5 28. Ke2 Bxg3 29. h4 Qg4+ 30. Kf1 Ba6+ 0-1

[Event "EIWCC 2018"]
[Site "Vysoke Tatry"]
[Date "2018.04.11"]
[Round "4"]
[White "Koubova, Anna Marie"]
[Black "Azimova, Karina"]
[Result "0-1"]
[ECO "B03"]
[WhiteElo "1819"]
[BlackElo "2069"]
[Annotator "NA"]
[PlyCount "74"]
[EventDate "2018.??.??"]
[EventType "swiss"]
[EventCountry "SVK"]
[SourceTitle "playchess.com"]
[Source "ChessBase"]
[SourceQuality "1"]
[TimeControl "40/5400+30:1800+30"]

1. e4 Nf6 2. e5 Nd5 3. d4 d6 4. c4 Nb6 5. exd6 exd6 6. Nc3 Be7 7. Bd3 Nc6 8. Nge2 Bg4 9. Be3 {[%emt 0:02:08] B03: Alekhine's Defence: Four Pawns Attack} (9. f3 Bh4+ 10. g3 Bxf3 11. O-O Bxe2 12. Qxe2+ Be7 13. Qe4 Qd7 14. Nd5 Nxd5 15. cxd5 Nb4 16. Bb1 Qb5 17. Bg5 {1-0 (31) Volokitin,A (2649)-Bortnyk,O (2581) Doha 2016}) 9... Bf6 10. Qd2 Nb4 11. O-O Nxd3 12. Qxd3 O-O 13. b3 Re8 (13... Bxe2 $5 14. Nxe2 (14. Qxe2 c6 $11) 14... c6 $11) 14. h3 $146 ({Find the theoretical novelty and annotate with similar games:} 14. Ng3 Kh8 15. h3 Bd7 16. a4 {1-0 (56) Heinz,T (2129)-Vasseur,P (2164) Belfort 2004}) 14... Bh5 (14... Bxe2 $5 15. Nxe2 c6 $11) 15. Nf4 Bg6 16. Nxg6 hxg6 17. Rfe1 a6 18. Re2 d5 19. Rb1 Qd7 20. c5 Nc8 21. b4 $11 Ne7 22. a4 Nf5 23. Reb2 Re7 24. b5 a5 25. Re2 Rae8 26. Rbe1 b6 27. Rd1 Rd8 28. Red2 Qe8 29. cxb6 cxb6 30. Re2 Qd7 31. Rde1 Qd6 32. Nb1 Qb4 33. Nc3 Qd6 34. Nb1 Rc7 35. Nd2 Qb4 36. Bf4 Rcc8 37. Qb3 Nxd4 0-1